 Dungeon Crawl Stone Soup version 0.20-a0-2-g2b0e13a (webtiles) character file.

1587 ChickenRunTy69 the Thaumaturge (level 8, 0/37 HPs)
             Began as a Spriggan Conjurer on Oct 30, 2016.
             Was a Follower of Sif Muna.
             Slain by a manticore (22 damage)
             ... on level 7 of the Dungeon.
             The game lasted 01:08:04 (9420 turns).

ChickenRunTy69 the Thaumaturge (Spriggan Conjurer)  Turns: 9420, Time: 01:08:05

Health: 0/37       AC:  3    Str:  4    XL:     8   Next: 61%
Magic:  0/21       EV: 24    Int: 19    God:    Sif Muna [*.....]
Gold:   275        SH:  0    Dex: 16    Spells: 4 memorised, 13 levels left

rFire  + . .     SeeInvis +     d - +1 dagger (venom)
rCold  . . .     Gourm    .     k - +1 robe {rC+}
rNeg   . . .     Faith    .     (shield restricted)
rPois  .         Spirit   .     (helmet restricted)
rElec  .         Reflect  .     (no cloak)
rCorr  .         Harm     .     (gloves unavailable)
MR     +....                    (boots unavailable)
Stlth  +++.......               (no amulet)
                                y - ring of fire
                                u - +3 ring of evasion

@: barbed spikes, very quick
A: unfitting armour, see invisible, herbivore 3, speed 3, slow metabolism 2
a: Divine Energy, Renounce Religion


You were on level 7 of the Dungeon.
You worshipped Sif Muna.
Sif Muna was aware of your devotion.
You were not hungry.

You visited 1 branch of the dungeon, and saw 8 of its levels.

You collected 275 gold pieces.

Inventory:

Hand Weapons
 d - a +1 dagger of venom (weapon)
 p - a -3 blowgun
 D - a +0 hunting sling
Missiles
 q - 39 poisoned needles
 t - 2 curare-tipped needles
Armour
 a - a +0 robe
 k - a +1 robe of cold resistance (worn)
 s - a +0 robe
 v - a +0 robe
 I - a +0 robe
Magical Staves
 o - an uncursed staff of fire {unknown}
Jewellery
 u - a +3 ring of evasion (left hand)
 y - a ring of fire (right hand)
 A - an uncursed amulet of rage {unknown}
Wands
 w - a wand of acid (7/15)
 H - a wand of flame (20/48)
Scrolls
 m - 2 scrolls of remove curse
 B - a scroll of teleportation
 E - a scroll of identify
 F - 2 scrolls of amnesia
 G - a scroll of immolation {unknown}
 J - a scroll of noise {unknown}
Potions
 e - a potion of berserk rage {unknown}
 f - 2 potions of might
 g - 2 potions of brilliance
 h - a potion of flight {unknown}
 i - a potion of heal wounds
 j - 2 potions of curing {unknown}
 l - a potion of invisibility {unknown}
 n - 2 potions of agility {unknown}
 x - 2 potions of lignification {unknown}
 z - a potion of degeneration {unknown}
Books
 b - a book of Conjurations

   Spells                             Type                      Level
   a - Magic Dart                     Conjuration                  1
   b - Searing Ray                    Conjuration                  2
   c - Dazzling Spray                 Conjuration/Hexes            3
   d - Fulminant Prism                Conjuration/Hexes            4
   e - Iskenderun's Mystic Blast      Conjuration                  4
   f - Iskenderun's Battlesphere      Conjuration/Charms           5
 r - a book of Cantrips

   Spells                             Type                      Level
   a - Confusing Touch                Hexes                        1
   b - Animate Skeleton               Necromancy                   1
   c - Summon Small Mammal            Summoning                    1
   d - Apportation                    Translocation                1
Comestibles
 c - 4 bread rations
 C - a slice of pizza


   Skills:
 - Level 1.1 Fighting
 - Level 1.3 Throwing
 - Level 5.5 Dodging
 + Level 4.9 Stealth
 + Level 8.0 Spellcasting
 + Level 5.4 Conjurations
 - Level 3.3 Invocations
 + Level 3.0 Evocations


You had 13 spell levels left.
You knew the following spells:

 Your Spells              Type           Power        Failure   Level  Hunger
a - Magic Dart            Conj           ####         1%          1    None
b - Dazzling Spray        Conj/Hex       ###...       12%         3    None
c - Searing Ray           Conj           ####..       1%          2    None
d - Iskenderun's Mystic   Conj           ####....     12%         4    ###....


Dungeon Overview and Level Annotations

Branches:
Dungeon (8/15)
 Temple: D:4-7         Lair: D:8-11

Altars:
Dithmenos
Gozag
Okawaru
Sif Muna
Trog
Vehumet
Xom
Yredelemnul
The Shining One

Shops:
D:8 ?


Innate Abilities, Weirdness & Mutations

You are very small and have problems with some larger weapons.
You are too small for most types of armour.
You have supernaturally acute eyesight. (SInv)
You are a herbivore.
You cover ground extremely quickly.
You need consume almost no food.


Message History

Casting: Magic Dart
Confirm with . or Enter, or press ? or * to list all spells.
You don't know that spell.
Casting: Magic Dart
Confirm with . or Enter, or press ? or * to list all spells.
Okay, then.
Casting: Magic Dart
Confirm with . or Enter, or press ? or * to list all spells.
Okay, then.
That item cannot be evoked!
Evoke which item? (* to show all) (? for menu, Esc to quit)
Zapping:
H - a wand of flame (will waste charges)
Press: ? - help, Shift-Dir - straight line, f/p - manticore
Aim: a manticore (severely wounded)
The puff of flame hits the manticore.
The manticore is severely wounded.
Evoking this partially-identified wand wasted a few charges.
The manticore bites you!!
Ouch! That really hurt!
You die...

#(...........)..^...# ..g
#..................<#
.....##............##...##
.....##.....##.....##.>.##
.............#########....#
.............#.....'.....#
.................#...).#.....#
............H....#.....#.....#
..........).@...#.....#.....#
#...##.##.##.)..[[...##....#
.##...##.##.################.#
.............# ##
.............# ....(........#
.###..#...#..# ## #.######
.#######.#


You could see a manticore and a gnoll (wandering).

Vanquished Creatures
  Edmund (D:5)
  A water moccasin (D:6)
  2 ice beasts
  An ogre (D:4)
  A phantom (D:6)
  A centaur (D:5)
  2 bullfrogs (D:6)
  A scorpion (D:3)
  2 bullfrog zombies
  A howler monkey (D:4)
  2 centaur skeletons
  4 orc priests
  4 orc wizards
  A bullfrog skeleton (D:5)
  2 worker ants
  12 adders
  A shadow imp (D:5)
  3 oozes
  2 adder skeletons (D:4)
  5 worms
  4 dart slugs
  5 leopard geckos
  28 orcs
  A ball python (D:2)
  7 giant cockroaches
  7 goblins
  8 hobgoblins
  6 kobolds
  4 quokkas
  9 bats
  11 frilled lizards
  A giant cockroach zombie (D:5)
  A quokka zombie (D:5)
  10 rats
151 creatures vanquished.

Notes
Turn   | Place    | Note
-------+----------+-------------------------------------------
     0 | D:1      | ChickenRunTy69 the Spriggan Conjurer began the quest for the Orb.
     0 | D:1      | Reached XP level 1. HP: 9/9 MP: 5/5
   204 | D:1      | Reached skill level 3 in Spellcasting
   393 | D:1      | Reached XP level 2. HP: 13/13 MP: 2/7
   740 | D:1      | Reached skill level 1 in Fighting
   997 | D:2      | Reached XP level 3. HP: 18/18 MP: 5/8
  1106 | D:2      | Learned a level 3 spell: Dazzling Spray
  1549 | D:2      | Found a shimmering altar of Xom.
  1759 | D:2      | Reached skill level 1 in Throwing
  1759 | D:2      | Reached XP level 4. HP: 22/22 MP: 5/10
  2179 | D:2      | Reached skill level 4 in Spellcasting
  2680 | D:4      | Found a shadowy altar of Dithmenos.
  2682 | D:4      | Found a radiant altar of Vehumet.
  2682 | D:4      | Found a basalt altar of Yredelemnul.
  2682 | D:4      | Found a deep blue altar of Sif Muna.
  2712 | D:4      | Became a worshipper of Sif Muna the Loreminder
  2757 | D:4      | Reached XP level 5. HP: 21/25 MP: 3/12
  3052 | D:3      | Found a glowing golden altar of the Shining One.
  3073 | D:3      | Learned a level 2 spell: Searing Ray
  3124 | D:3      | Reached skill level 1 in Invocations
  3291 | D:3      | Reached skill level 5 in Spellcasting
  3778 | D:3      | Reached XP level 6. HP: 30/30 MP: 7/14
  4314 | D:5      | Entered Level 5 of the Dungeon
  4521 | D:4      | HP: 1/30 [poisoned by a scorpion]
  4686 | D:3      | Learned a level 4 spell: Iskenderun's Mystic Blast
  4939 | D:4      | Reached * piety under Sif Muna
  4939 | D:4      | Reached skill level 6 in Spellcasting
  4939 | D:4      | Reached XP level 7. HP: 33/33 MP: 6/17
  5469 | D:5      | Found a bloodstained altar of Trog.
  5592 | D:5      | Noticed Edmund
  6670 | D:5      | Reached skill level 7 in Spellcasting
  6735 | D:5      | Reached skill level 5 in Dodging
  6941 | D:5      | Reached skill level 5 in Conjurations
  7070 | D:5      | Found an iron altar of Okawaru.
  7238 | D:5      | Killed Edmund
  7238 | D:5      | Reached XP level 8. HP: 37/37 MP: 8/20
  7604 | D:6      | Found a deep blue altar of Sif Muna.
  7691 | D:6      | Found an opulent altar of Gozag.
  7831 | D:6      | Noticed an unseen horror
  7986 | D:6      | Reached skill level 1 in Evocations
  8032 | D:8      | Found Ydadghaon's Magic Scroll Boutique.
  8161 | D:7      | Noticed a troll
  9110 | D:6      | Reached skill level 8 in Spellcasting
  9240 | D:7      | Noticed a manticore
  9420 | D:7      | Slain by a manticore

Vault maps used:
D:1:      erik_arrival_blinker_ship
D:2:      overflow_temple_1_default, kennysheep_nub
D:3:      lemuel_coloured_pillars_altar, minmay_quantized
D:4:      chequers_temple_overflow_statue_of_worship
D:5:      okawaru_ov_weapons_minmay, bloody_trog, first_bread,
          lightli_sewer_entry_pipes, grunt_ministairs_13,
          minmay_misc_feat_alley, dk_noncrumbling_3, uniq_edmund
D:6:      kennysheep_big_flooded_room, grunt_gozag_breadcrumbs, basic_altar,
          roderic_roman_lattice, minmay_door_square, kennysheep_small_circle,
          uniq_pikel
D:7:      overflow_temple_1_default, lemuel_doored_altar, kennysheep_little_box,
          basic_altar, moated_statue
D:8:      ashenzari_conservatory_becter, eat_drink_and_be_merry_uskayaw,
          serial_shops, nicolae_shop_crystal, david_nohive_1

Skill      XL: |  1  2  3  4  5  6  7  8 |
---------------+-------------------------+-----
Conjurations   | 3 4 5 |  5.4
Spellcasting   | 3 4 5 6 7 8 |  8.0
Fighting       | 1 |  1.1
Throwing       | 1 |  1.3
Invocations    | 1 3 |  3.3
Dodging        | 5 |  5.5
Evocations     | 3 |  3.0
Stealth        | 4 |  4.9

Action                   |  1- 3 |  4- 6 |  7- 9 || total
-------------------------+-------+-------+-------++-------
Melee: Unarmed           |    58 |     2 |       ||    60
 Fire: Blowgun           |       |     5 |       ||     5
 Cast: Magic Dart        |    96 |   216 |   124 ||   436
       Dazzling Spray    |       |     1 |    31 ||    32
       Searing Ray       |       |    10 |    31 ||    41
       Iskenderun's Myst |       |       |     1 ||     1
Evoke: Wand              |       |       |     1 ||     1
  Use: Scroll            |     3 |     3 |     5 ||    11
       Potion            |       |     1 |     4 ||     5
  Eat: Bread ration      |       |     1 |       ||     1
Armor: Robe              |    11 |     8 |     8 ||    27
Dodge: Dodged            |    75 |    60 |   128 ||   263
